 Dungeon Crawl Stone Soup version 0.31-a0-222-gefeffbb62a (webtiles) character file.

Game seed: 2670223829704570263

197 qw the Shooter (level 5, 0/30 HPs)
             Began as a Gargoyle Hexslinger on July 5, 2023.
             Slain by an ogre
             ... wielding a +0 giant club
              (8 damage)
             ... on level 4 of the Dungeon.
             The game lasted 00:01:02 (2681 turns).

qw the Shooter (Gargoyle Hexslinger)                Turns: 2681, Time: 00:01:03

Health: 0/30       AC: 12    Str: 12    XL:     5   Next: 75%
Magic:  6/6        EV: 10    Int: 13    God:
Gold:   162        SH:  0    Dex: 14    Spells: 5/6 levels left

rFire   . . .        Y - +2 sling
rCold   . . .        (no shield)
rNeg    + . .        j - +0 ring mail
rPois   inf          c - +0 helmet
rElec   +            (no cloak)
rCorr   .            h - +0 pair of gloves
SInv    .            d - +0 pair of boots
Will    .....        (no amulet)
Stlth   +            (no ring)
HPRegen 0.25/turn    (no ring)
MPRegen 0.10/turn

%: no passive effects
@: about to teleport
A: sickness immunity, AC +4, negative energy resistance 1, electricity
resistance, torment resistance 1, petrification resistance
a: no special abilities


You were on level 4 of the Dungeon.
You visited 1 branch of the dungeon, and saw 4 of its levels.

You collected 162 gold pieces.


Innate Abilities, Weirdness & Mutations

You are immune to sickness and miasma.
Your stone body is resilient. (AC +4)
You are immune to poison.
You resist negative energy. (rN+)
You are resistant to electric shocks. (rElec)
You are resistant to unholy torment.
You are immune to petrification.


   Skills:
 + Level 2.3 Fighting
 - Level 5.2 Ranged Weapons
 - Level 1.1 Armour
 - Level 1.5 Dodging
 - Level 1.0 Spellcasting
 - Level 2.6 Hexes


You had 5 spell levels left.
You knew the following spells:

 Your Spells              Type           Power      Damage    Failure   Level
a - Slow                  Hex            28%        N/A       22%         1

Your spell library contained the following spells:

 Spells                   Type           Power      Damage    Failure   Level
 Inner Flame              Hex/Fire       4%         N/A       73%         3
 Portal Projectile        Hex/Tloc       8%         N/A       73%         3
 Cause Fear               Hex            3%         N/A       91%         4

Inventory:

Hand Weapons
 Y - a +2 sling (weapon)
Armour
 c - a +0 helmet (worn)
 d - a +0 pair of boots (worn)
 h - a +0 pair of gloves (worn)
 j - a +0 ring mail (worn)
Scrolls
 b - a scroll of teleportation
 e - a scroll of immolation {unknown}
 f - 2 scrolls of brand weapon {unknown}
 m - a scroll of identify
Potions
 a - a potion of might
 g - a potion of degeneration {unknown}
 i - a potion of brilliance {unknown}
 l - a potion of ambrosia {unknown}
 n - 3 potions of curing
 o - a potion of attraction {unknown}

Dungeon Overview and Level Annotations

Branches:
Dungeon (4/15)
 Temple: D:4-7

Altars:

Shops:
D:2 ?


Message History

Reactivating autopickup.
You feel a bit more experienced.
Your Ranged Weapons skill increases to level 5!
You have reached level 5!
You start resting.
HP restored.
You see here a sky beast corpse.
A giant cockroach comes into view.
Enter note:
Enter note: You shoot a sling bullet.
The sling bullet hits the giant cockroach but does no damage.
You shoot a sling bullet.
The sling bullet hits the giant cockroach.
You kill the giant cockroach!
An ogre comes into view. It is wielding a +0 giant club.
The ogre shouts!
Enter note:
Enter note: You shoot a sling bullet.
The sling bullet closely misses the ogre.
You shoot a sling bullet.
The sling bullet barely misses the ogre.
You shoot a sling bullet.
The sling bullet barely misses the ogre.
You shoot a sling bullet.
The sling bullet barely misses the ogre.
You shoot a sling bullet. The sling bullet hits the ogre.
The ogre is lightly wounded.
The ogre hits you with a +0 giant club!
You shoot a sling bullet. The sling bullet hits the ogre.
The ogre is moderately wounded.
The ogre hits you with a +0 giant club!
2680 ||| READING 2 scrolls of teleportation.
As you read the scroll of teleportation, it crumbles to dust.
You feel strangely unstable.
You shoot a sling bullet. The sling bullet hits the ogre.
The ogre is moderately wounded.
The ogre hits you with a +0 giant club!
You die...

###.....#
#.......#######
#.............#
#.......##....#
#..[....# ...#
###.......# ###
##.........#
#####..#.......#
....$.O@.......#
+########'.....#
.#.##### +.#...
#.#....
#.#......
#.#...... #.
..####


You could see an ogre.

Vanquished Creatures
  A sky beast (D:4)
  3 adders (D:2)
  A dart slug (D:2)
  5 orcs
  9 endoplasms
  2 giant cockroaches
  8 goblins
  5 hobgoblins
  5 jackals
  A quokka (D:2)
  5 ball pythons
  2 bats (D:3)
  4 frilled lizards
  8 kobolds
  5 rats
64 creatures vanquished.

Notes
Turn   | Place    | Note
-------+----------+-------------------------------------------
     0 | D:1      | qw the Gargoyle Hexslinger began the quest for the Orb.
     0 | D:1      | Reached XP level 1. HP: 12/12 MP: 2/2
     0 | D:1      | 0 ||| qw: Version: 0.3-a-46-gb1f654a
     0 | D:1      | 0 ||| qw: Game counter: 1047
     0 | D:1      | 0 ||| qw: Melee chars always use a shield: true
     0 | D:1      | 0 ||| qw: God list: Okawaru
     0 | D:1      | 0 ||| qw: Allow faded altars: false
     0 | D:1      | 0 ||| qw: Do Orc after clearing Dungeon:15 true
     0 | D:1      | 0 ||| qw: Do second Lair branch before Depths: true
     0 | D:1      | 0 ||| qw: Lair rune preference: random
     0 | D:1      | 0 ||| qw: Goals: Normal
     0 | D:1      | 0 ||| PLANNING D:1-11
    38 | D:1      | 38 ||| UPGRADING to +0 pair of boots.
   152 | D:1      | Reached XP level 2. HP: 16/16 MP: 3/3
   194 | D:1      | HP: 4/16 [goblin/+0 club (4)]
   198 | D:1      | Reached skill level 3 in Ranged Weapons
   350 | D:1      | 350 ||| UPGRADING to +0 ring mail.
   360 | D:1      | 360 ||| DROPPING +0 robe.
   696 | D:1      | 696 ||| READING scroll labelled MUUPNI TOLEPH.
   697 | D:1      | 697 ||| READING scroll labelled TIPNEK EH SOT.
   798 | D:1      | 798 ||| READING scroll labelled OCKUICHEOR.
   799 | D:1      | 799 ||| READING scroll labelled KIRPHE CEN NAT.
   800 | D:1      | 800 ||| READING 3 scrolls labelled TYOPANKINIA.
   801 | D:1      | 801 ||| READING 2 scrolls of identify.
   801 | D:1      | 801 ||| IDENTIFYING emerald potion
   802 | D:1      | 802 ||| DROPPING scroll of poison.
   803 | D:1      | 803 ||| DROPPING potion of magic.
   839 | D:2      | Found Dimigra's Magic Scroll Boutique.
   847 | D:2      | 847 ||| SHOPLISTING scroll of enchant armour (75 gold, have
                  | 18).
   915 | D:2      | Reached XP level 3. HP: 20/21 MP: 4/4
  1079 | D:2      | Reached skill level 1 in Armour
  1230 | D:2      | Reached XP level 4. HP: 26/26 MP: 5/5
  1496 | D:2      | 1496 ||| UPGRADING to +0 helmet.
  1501 | D:2      | 1501 ||| READING 2 scrolls labelled BIYSKOA SOHIEN.
  1505 | D:2      | 1505 ||| READING scroll labelled ISYGOP GAWNISM.
  2127 | D:3      | Reached skill level 4 in Ranged Weapons
  2293 | D:3      | 2293 ||| UPGRADING to +0 pair of gloves.
  2298 | D:3      | 2298 ||| READING scroll labelled XUWAEZUSAE.
  2299 | D:3      | 2299 ||| READING scroll labelled HAOHIM POCZEY.
  2300 | D:3      | 2300 ||| READING scroll labelled KECWUCUWUSCH.
  2301 | D:3      | 2301 ||| DRINKING 4 glowing amethyst potions.
  2302 | D:3      | 2302 ||| READING 2 scrolls of identify.
  2302 | D:3      | 2302 ||| IDENTIFYING gluggy clear potion
  2351 | D:4      | 2351 ||| STAIRDANCE
  2566 | D:4      | Noticed a sky beast
  2587 | D:4      | Killed a sky beast
  2588 | D:4      | Reached skill level 5 in Ranged Weapons
  2588 | D:4      | Reached XP level 5. HP: 13/30 MP: 6/6
  2673 | D:4      | Noticed an ogre
  2679 | D:4      | HP: 7/30 [ogre/+0 giant club (12)]
  2680 | D:4      | 2680 ||| READING 2 scrolls of teleportation.
  2681 | D:4      | Slain by an ogre

Levels and vault maps discovered:
D:1:      ebering_trefoil_twist, layout_basic, serial_bayou_crossing
D:2:      minmay_wonky_spiral, layout_basic, serial_shops,
          nicolae_shop_just_a_little_nook
D:3:      layout_loops_ring
D:4:      layout_basic, corexii_hall_statues_s, minivault_11

Skill      XL: |  1  2  3  4 |
---------------+-------------+-----
Ranged Weapons | 3 5 |  5.2
Fighting       | 2 |  2.3
Armour         | 1 |  1.1
Dodging        | |  1.5
Spellcasting   | |  1.0
Hexes          | |  2.6

Action                     |  1- 3 |  4- 6 || total
---------------------------+-------+-------++-------
   Fire: Sling             |   118 |   124 ||   242
    Use: Scroll            |     6 |     7 ||    13
         Potion            |       |     1 ||     1
 Armour: Robe              |     8 |       ||     8
         Ring mail         |    33 |    35 ||    68
  Dodge: Dodged            |    42 |    30 ||    72

Table legend:
 A = Non-vault XP
 B = Vault XP
 C = Vault XP percentage of total XP
 D = Non-vault monster count
 E = Vault monster count
 F = Vault count percentage of total count
                 A         B        C        D         E       F
            +---------+---------+-------+---------+---------+-------
      Total |     262 |      20 |   7.1 |      60 |       4 |   6.2
            +---------+---------+-------+---------+---------+-------
        D:1 |      31 |       0 |   0.0 |      19 |       0 |   0.0
        D:2 |      43 |      20 |  31.7 |      12 |       4 |  25.0
        D:3 |      40 |       0 |   0.0 |      22 |       0 |   0.0
        D:4 |     148 |       0 |   0.0 |       7 |       0 |   0.0
            +---------+---------+-------+---------+---------+-------
